Map: Abyssal Reef LE

Players

RotterdaM

  • Race: Protoss Protoss
  • League: Master
  • Spawn Location: 5:00

Believe - Winner!

  • Race: Terran Terran
  • League: Grandmaster
  • Spawn Location: 11:00

VOD

Have the link to the VOD?

Description

Time

  • Played on: June 27, 2017, 3:20 p.m.
  • Length: 9:00
Show
View Real Time Build Order
Export as new Build Order

RotterdaM Protoss 

Build Orders: 1 Gate Expand 

Get SALT Encoding   

  12  0:01  Probe (Chrono Boost)  
  13  0:11  Probe (Chrono Boost)  
  14  0:18  Pylon  
  14  0:22  Probe (Chrono Boost)  
  15  0:36  Probe (Chrono Boost)  
  15  0:37  Gateway  
  16  0:45  Assimilator  
  16  0:47  Probe (Chrono Boost)  
  17  0:57  Probe (Chrono Boost)  
  18  1:08  Probe (Chrono Boost)  
  20  1:18  Probe (Chrono Boost)  
  20  1:24  Cybernetics Core  
  20  1:34  Nexus  
  20  1:40  Pylon  
  20  1:43  Probe (Chrono Boost)  
  21  1:50  Assimilator  
  21  1:53  Probe (Chrono Boost)  
  24  2:01  Stalker (Chrono Boost)  
  24  2:05  Warp Gate  
  24  2:07  Probe  
  26  2:28  Robotics Facility  
  25  2:31  Stalker (Chrono Boost)  
  25  2:33  Probe  
  28  2:45  Probe  
  28  2:47  Mothership Core  
  31  2:57  Probe  
  32  3:02  Stalker (Chrono Boost)  
  34  3:06  Probe  
  34  3:09  Probe  
  33  3:16  Observer (Chrono Boost)  
  33  3:17  Probe  
  35  3:23  Probe  
  35  3:25  Pylon  
  36  3:27  Probe  
  36  3:31  Stalker  
  39  3:35  Probe (Chrono Boost)  
  40  3:43  Probe (Chrono Boost)  
  40  3:47  Probe (Chrono Boost)  
  43  3:50  Assimilator  
  44  3:55  Probe (Chrono Boost)  
  44  3:56  Gateway  
  44  4:01  Gateway  
  43  4:06  Immortal  
  43  4:13  Probe (Chrono Boost)  
  49  4:17  Probe (Chrono Boost)  
  49  4:22  Zealot  
  49  4:23  Probe (Chrono Boost)  
  52  4:25  Pylon  
  53  4:32  Probe (Chrono Boost)  
  53  4:36  Twilight Council, Probe (Chrono Boost)  
  54  4:41  Pylon  
  54  4:42  Observer  
  55  4:47  Probe (Chrono Boost)  
  55  4:48  Probe (Chrono Boost)  
  57  4:57  Probe (Chrono Boost)  
  58  5:00  Sentry  
  58  5:02  Zealot  
  58  5:04  Stalker  
  64  5:08  Probe (Chrono Boost)  
  64  5:16  Probe (Chrono Boost)  
  64  5:19  Probe (Chrono Boost)  
  63  5:22  Stargate  
  61  5:28  Probe (Chrono Boost)  
  61  5:29  Probe (Chrono Boost)  
  62  5:40  Probe (Chrono Boost)  
  63  5:58  Probe (Chrono Boost)  
  63  5:59  Probe (Chrono Boost)  
  65  6:08  Probe  
  65  6:11  Void Ray (Chrono Boost)  
  70  6:18  Probe  
  70  6:22  Charge (Chrono Boost)  
  66  6:28  Probe  
  63  6:42  Probe  
  64  6:49  Probe  
  65  6:54  Probe  
  66  7:01  Probe  
  67  7:11  Zealot  
  67  7:14  Pylon  
  69  7:24  Pylon  
  69  7:38  Forge, Probe  
  69  7:39  Probe  
  69  7:40  Nexus  
  69  7:43  Pylon  
  71  7:50  Probe  
  72  7:54  Zealot  
  74  8:00  Stalker x2  
  74  8:04  Probe x2  
  76  8:15  Zealot  
  76  8:16  Probe  
  76  8:17  Pylon  
  76  8:18  Probe  
  80  8:28  Pylon, Probe  
  80  8:29  Stalker  
  80  8:30  Probe  
  80  8:33  Zealot  
  86  8:37  Gateway  
  86  8:40  Probe  
  88  8:42  Zealot  
  88  8:43  Probe  
Show
View Real Time Build Order
Export as new Build Order

Believe Terran - Winner!

Build Orders: 1/1/1, Liberator Opening, MMM Bio 

Get SALT Encoding   

  12  0:02  SCV  
  13  0:14  SCV  
  14  0:17  Supply Depot  
  14  0:26  SCV  
  15  0:35  Refinery  
  15  0:39  SCV  
  16  0:45  Barracks  
  16  0:51  SCV  
  17  1:02  Refinery  
  17  1:03  SCV  
  18  1:15  SCV  
  19  1:32  Orbital Command  
  19  1:33  Factory  
  19  1:36  Marine  
  20  1:46  Supply Depot  
  20  1:54  Marine  
  20  1:58  SCV  
  22  2:10  SCV  
  22  2:12  Marine  
  24  2:19  Starport  
  24  2:23  SCV  
  25  2:30  Marine  
  25  2:32  Widow Mine  
  25  2:35  SCV  
  29  2:42  Supply Depot  
  29  2:47  SCV  
  30  2:56  Starport Tech Lab  
  30  2:57  Fusion Core  
  30  2:58  Liberator  
  30  2:59  Marine  
  30  3:03  Widow Mine  
  33  3:19  SCV  
  37  3:20  Supply Depot  
  37  3:27  Barracks Reactor  
  37  3:31  SCV  
  36  3:43  Advanced Ballistics  
  36  3:47  Liberator  
  36  3:58  Command Center  
  34  4:09  SCV  
  38  4:10  Marine  
  38  4:11  Marine  
  40  4:26  Barracks  
  40  4:27  SCV  
  40  4:28  Marine  
  40  4:29  Marine  
  40  4:30  Liberator  
  43  4:41  Barracks  
  46  4:57  SCV  
  47  5:02  Engineering Bay  
  47  5:09  Marine x2  
  49  5:14  Barracks Tech Lab  
  49  5:16  SCV  
  50  5:24  Orbital Command  
  50  5:27  Barracks Tech Lab, Marine x2  
  52  5:36  Stimpack  
  52  5:38  Marauder  
  52  5:40  SCV  
  52  5:42  Orbital Command  
  55  5:45  Marine  
  56  5:53  SCV  
  56  5:56  Terran Infantry Weapons Level 1  
  57  6:05  SCV, Starport Reactor  
  57  6:08  SCV  
  57  6:11  Marine x3  
  62  6:20  Combat Shields  
  62  6:50  Refinery  
  62  6:51  Supply Depot x2  
  62  6:58  Barracks x2  
  62  7:02  SCV x2, Marine x2, Medivac x2  
  70  7:12  Marine, Marauder  
  70  7:14  SCV x2, Supply Depot  
  75  7:20  Marine, Marauder  
  78  7:23  Supply Depot  
  78  7:26  SCV  
  79  7:30  Marine  
  79  7:32  Medivac  
  79  7:34  Medivac, Marauder  
  86  7:37  Marine  
  86  7:39  SCV  
  86  7:42  Marauder  
  90  7:46  Refinery  
  90  7:47  SCV  
  91  7:54  Supply Depot  
  91  7:55  Marauder  
  93  8:02  Barracks Reactor  
  93  8:03  Marauder  
  95  8:06  Marine  
  95  8:08  Command Center  
  91  8:17  SCV, Marauder  
  93  8:22  Medivac x2  
  93  8:23  Marine, Marauder  
  93  8:24  Marine  
  101  8:30  Factory  
  101  8:36  Marine, Supply Depot  
  101  8:38  Marauder  
  104  8:41  SCV x2  
Tags
 
Add a new tag
Caveats
  • Supply blocks, unpowered buildings, or Contaminate may cause inaccurate times.
  • Supply counts are checked every 10 seconds.